 Dungeon Crawl Stone Soup version 0.26.1-2-gb8aa6d0cf2 (webtiles) character file.

Game seed: 5686570287100069828

217 Groucho the Covered (level 5, -16/34 HPs)
             Began as a Gargoyle Fighter on Feb 20, 2021.
             Was an Initiate of Makhleb.
             Demolished by an ogre
             ... wielding a +0 giant club
              (28 damage)
             ... on level 4 of the Dungeon.
             The game lasted 00:03:52 (3125 turns).

Groucho the Covered (Gargoyle Fighter)              Turns: 3125, Time: 00:03:52

Health: -16/34     AC: 11    Str: 21    XL:     5   Next: 94%
Magic:  5/5        EV:  7    Int:  8    God:    Makhleb [......]
Gold:   135        SH:  9    Dex:  9    Spells: 4/4 levels left

rFire    . . .     SeeInvis .   a - +0 flail
rCold    . . .     Faith    .   c - +0 kite shield
rNeg     + . .     Spirit   .   b - +0 scale mail
rPois    ∞         Reflect  .   (no helmet)
rElec    +         Harm     .   (no cloak)
rCorr    .         Rampage  .   (no gloves)
Will     .....                  (no boots)
Stlth    ..........             (no amulet)
HPRegen  0.11/turn              (no ring)
MPRegen  0.09/turn              (no ring)

@: no status effects
A: negative energy resistance 1, electricity resistance, unbreathing,
petrification resistance, miasma immunity, AC +4
a: Renounce Religion


You were on level 4 of the Dungeon.
You worshipped Makhleb.
Makhleb was noncommittal.
You visited 2 branches of the dungeon, and saw 5 of its levels.

You collected 135 gold pieces.

Inventory:

Hand Weapons
 a - a +0 flail (weapon)
Armour
 b - a +0 scale mail (worn)
 c - a +0 kite shield (worn)
Wands
 n - a wand of iceblast (12)
Scrolls
 f - 2 scrolls of remove curse
 g - a scroll of immolation {unknown}
 j - a scroll of fog {unknown}
 l - 2 scrolls of teleportation
 m - a scroll of identify {unknown}
 o - a scroll of noise {unknown}
Potions
 d - 4 potions of might
 e - a potion of flight {unknown}
 h - 2 potions of heal wounds {unknown}
 i - a potion of cancellation {unknown}
 k - a potion of attraction {unknown}


   Skills:
 + Level 4.4 Fighting
 + Level 3.3 Maces & Flails
 + Level 4.5 Armour
 + Level 4.5 Shields


You had 4 spell levels left.
You didn't know any spells.
Your spell library was empty.

Dungeon Overview and Level Annotations

Branches:
Dungeon (4/15)             Temple (1/1) D:4

Altars:
Ashenzari
Dithmenos
Fedhas
Gozag
Hepliaklqana
Kikubaaqudgha
Makhleb
Nemelex Xobeh
Sif Muna
Wu Jian
Xom

Annotations:
D:3 2 transporters


Innate Abilities, Weirdness & Mutations

You are resistant to torment.
Your stone body is resilient. (AC +4)
You are immune to poison.
You resist negative energy. (rN+)
You are resistant to electric shocks. (rElec)
You can survive without breathing.
You are immune to petrification.
You are immune to miasma.


Message History

There is an open door here.
You open the door.
The ogre shouts!
An ogre is nearby!
An ogre is nearby!
An ogre is nearby!
There is an open door here.
You hit the ogre.
The ogre is lightly wounded.
The ogre hits you but does no damage. You block the ogre's attack.
You hit the ogre.
The ogre is moderately wounded.
A scorpion comes into view.
You sock the ogre!
The ogre is severely wounded.
The ogre hits you with a +0 giant club!!
Ouch! That really hurt!
The ogre hits you with a +0 giant club!!
Ouch! That really hurt!
You die...

...........#...#....#+#####..###.
...........#...#....# #.......
...........#)).#....# #.......
...........#)..#....# .##......
...........#...#s...# g.##......
...........#...#....# ...###+####
...........#'###....#....## #
.................O..'......
#.##............@...#......
....................#......
#...................# .....
...........#####....# ..##
.♣######...'...###### # ♣
#...#...+ ##..###### #.......#
##....).#


You could see an ogre and a scorpion.

Vanquished Creatures
  A bullfrog zombie (D:4)
  A hound (D:4)
  4 gnolls (D:4)
  4 adders
  2 oozes
  A worm (D:3)
  A leopard gecko (D:3)
  2 orcs (D:4)
  3 ball pythons (D:3)
  3 giant cockroaches
  8 goblins
  6 hobgoblins
  12 jackals
  A quokka (D:3)
  2 bats (D:1)
  3 frilled lizards
  2 kobolds (D:1)
  A quokka skeleton (D:3)
  8 rats
65 creatures vanquished.

Notes
Turn   | Place    | Note
-------+----------+-------------------------------------------
     0 | D:1      | Groucho the Gargoyle Fighter began the quest for the Orb.
     0 | D:1      | Reached XP level 1. HP: 14/14 MP: 1/1
    57 | D:1      | Reached XP level 2. HP: 19/19 MP: 2/2
   169 | D:1      | Reached XP level 3. HP: 23/23 MP: 3/3
   826 | D:2      | You fall into a shaft and drop 1 floor!
   854 | D:3      | Found a transporter.
   938 | D:3      | Reached XP level 4. HP: 23/29 MP: 4/4
  1272 | D:3      | Found a hazy altar of Hepliaklqana.
  1396 | D:3      | Found a transporter.
  1909 | D:4      | Found a staircase to the Ecumenical Temple.
  1913 | D:4      | Noticed an ogre
  1921 | Temple   | Entered the Ecumenical Temple
  2072 | Temple   | Became a worshipper of Makhleb the Destroyer
  2114 | D:4      | Reached XP level 5. HP: 18/33 MP: 5/5
  3125 | D:4      | Demolished by an ogre

Illustrated notes

Levels and vault maps discovered:
D:1:      grunt_arrival_crossed_arrows, layout_basic
D:2:      layout_loops_ring, bloody_trog, nicolae_ru_the_path_less_chosen,
          nicolae_overflow_hidden_temple, serial_aquarium,
          aquarium_bridge_square [aquarium_subvault_bridge,
          aquarium_subvault_bridge, aquarium_subvault_bridge,
          aquarium_subvault_wall], aquarium_bridge_square
          [aquarium_subvault_bridge, aquarium_subvault_wall,
          aquarium_subvault_bridge, aquarium_subvault_wall], aquarium_window_1,
          aquarium_window_corner, aquarium_window_corner, aquarium_view_2d,
          aquarium_view_2e, aquarium_balcony_3a
D:3:      gammafunk_steamed_eel, layout_loops_ring, lemuel_doored_altar
D:4:      layout_gridville, kennysheep_ying_yang, kennysheep_mini_moat,
          lemuel_crystal_altar, minmay_temple_entry_glass
Temple:   chequers_temple_sunken

Skill      XL: |  1  2  3  4 |
---------------+-------------+-----
Armour         | 4 |  4.5
Shields        | 4 |  4.5
Fighting       | 4 |  4.4
Maces & Flails | 3 |  3.3

Action                   |  1- 3 |  4- 6 || total
-------------------------+-------+-------++-------
Melee: Flail             |   121 |   110 ||   231
Evoke: Wand              |       |     3 ||     3
  Use: Scroll            |       |     2 ||     2
Armor: Scale mail        |    83 |    59 ||   142
Dodge: Dodged            |    35 |    40 ||    75
Block: Kite shield       |    53 |    65 ||   118
